 Dungeon Crawl Stone Soup version 0.27-a0-686-gaed091b46b (webtiles) character file.

Game seed: 13876472227447765398

53 Lanoc the Insei (level 3, 0/27 HPs)
             Began as a Demonspawn Transmuter on Mar 20, 2021.
             Succumbed to an adder's poison
             ... on level 2 of the Dungeon.
             The game lasted 00:02:06 (1379 turns).

Lanoc the Insei (Demonspawn Transmuter)             Turns: 1379, Time: 00:02:07

Health: 0/27       AC:  2    Str: 10    XL:     3   Next: 62%
Magic:  6/6        EV: 12    Int: 15    God:
Gold:   51         SH:  0    Dex: 13    Spells: 3/6 levels left

rFire    . . .     SeeInvis .     - Unarmed
rCold    . . .     Faith    .   (no shield)
rNeg     . . .     Spirit   .   a - +0 robe
rPois    .         Reflect  .   (no helmet)
rElec    .         Harm     .   (no cloak)
rCorr    .         Rampage  .   (no gloves)
Will     .....                  (no boots)
Stlth    +.........             (no amulet)
HPRegen  0.09/turn              (no ring)
MPRegen  0.10/turn              (no ring)

@: lethally poisoned (0 -> -7), about to teleport
A: demonic magic 1
a: no special abilities


You were on level 2 of the Dungeon.
You visited 1 branch of the dungeon, and saw 3 of its levels.

You collected 51 gold pieces.

Inventory:

Armour
 a - a +0 robe (worn)
Wands
 e - a wand of flame (13)
Scrolls
 f - a scroll of blinking


   Skills:
 + Level 1.8 Fighting
 + Level 2.2 Dodging
 * Level 3.3 Unarmed Combat
 - Level 2.0 Spellcasting
 + Level 2.2 Transmutations


You had 3 spell levels left.
You knew the following spells:

 Your Spells              Type           Power      Damage    Failure   Level
a - Beastly Appendage     Tmut           16%        N/A       9%          1
b - Wereblood             Tmut           8%         N/A       13%         2

Your spell library contained the following spells:

 Spells                   Type           Power      Damage    Failure   Level
 Spider Form              Tmut/Pois      2%         N/A       38%         3
 Confusing Touch          Hex            1%         N/A       54%         3
 Gell's Gravitas          Tloc           0%         N/A       54%         3
 Ice Form                 Ice/Tmut       4%         N/A       80%         4
 Petrify                  Tmut/Erth      4%         N/A       80%         4
 Blade Hands              Tmut           4%         N/A       94%         5
 Yara's Violent Unravell  Hex/Tmut       2%         3d3       98%         5
 Metabolic Englaciation   Hex/Ice        0%         N/A       99%         5


Dungeon Overview and Level Annotations

Branches:
Dungeon (3/15)

Altars:
Hepliaklqana

Annotations:
D:2 Sigmund


Innate Abilities, Weirdness & Mutations

Spells you cast may paralyse adjacent enemies.


Message History

You miss the adder. Your kick misses the adder.
You feel sick. The adder misses you. The adder bites you.
You are lethally poisoned!
The adder poisons you!
You hit the adder. Your kick misses the adder. Your headbutt misses the adder.
You punch the adder, but do no damage.
The adder is heavily wounded.
You feel sick. The adder bites you.
You hit the adder. Your kick misses the adder.
The adder is severely wounded.
You feel sick. The adder barely misses you.
You hit the adder. Your headbutt misses the adder.
The adder is almost dead.
You feel sick. The adder bites you.
* * * LOW HITPOINT WARNING * * *
You aren't carrying any potions.
You hit the adder.
You kill the adder!
* * * LOW HITPOINT WARNING * * *
You feel sick.
* * * LOW HITPOINT WARNING * * *
You feel sick.
* * * LOW HITPOINT WARNING * * *
You feel sick.
* * * LOW HITPOINT WARNING * * *
You feel sick.
You see here 5 gold pieces.
As you read the scroll labelled NEVA MED BUIZ, it crumbles to dust.
You feel strangely unstable.
It was a scroll of teleportation.
Your horns disappear.
Your talons disappear.
* * * LOW HITPOINT WARNING * * *
You feel sick.
As you read the scroll labelled LARPHE CEPOUDGH, it crumbles to dust.
You feel aware of your surroundings.
It was a scroll of magic mapping.
* * * LOW HITPOINT WARNING * * *
You feel sick.
As you read the scroll labelled YTA ODIPNUVA, it crumbles to dust.
It is a scroll of identify.
f - a scroll of blinking You die...

...####.##,*,,,,,*,,**,**,,,,,*,*
##.##....#,,,,,,,,*,,*,,,,,,***,*
......#,***,,,,,,,**,**,,,***,,,*
##.##.#,* *,,*,,*,,,,,*,***,,,*,,
##.##.#,* **,,,*,,,,*##**,,,,***,
##.....,* *,,*,,,*##.#,,,*,*,,*,
......##* *#.,,###...##,,,,,,,,*
#####.# #.###......#,,,,,,,,*
......# #.#.@..##..##,,*,,,,,
####### #...#.......#,,*,,,*,
##..#.......#*,,*,*,,
########......).#..#,,*,,,*
#......##...†....#.**,,,***
#.#####.#..#.........,***
#.#####.##.####...#####
#.##.....#..#...### #.#
#.##.##.###...#*# #.###


There were no monsters in sight!

Vanquished Creatures
  2 adders (D:2)
  2 worms (D:2)
  2 bats
  2 giant cockroaches (D:2)
  3 goblins (D:1)
  5 hobgoblins
  2 jackals (D:2)
  A frilled lizard (D:1)
  5 kobolds
  3 rats
27 creatures vanquished.

Notes
Turn   | Place    | Note
-------+----------+-------------------------------------------
     0 | D:1      | Lanoc the Demonspawn Transmuter began the quest for the
                  | Orb.
     0 | D:1      | Reached XP level 1. HP: 15/15 MP: 3/3
   266 | D:1      | Gained mutation: Spells you cast may paralyse adjacent
                  | enemies. [demonic ancestry]
   266 | D:1      | Reached XP level 2. HP: 14/21 MP: 5/5
   380 | D:1      | Reached skill level 3 in Unarmed Combat
   776 | D:2      | Found a hazy altar of Hepliaklqana.
   868 | D:2      | Noticed Sigmund
  1263 | D:2      | Reached XP level 3. HP: 22/26 MP: 4/6
  1266 | D:2      | Learned a level 2 spell: Wereblood
  1378 | D:2      | HP: 1/27 [poisoned by an adder]
  1379 | D:2      | Succumbed to an adder's poison

Illustrated notes

Levels and vault maps discovered:
D:1:      wander_arrival_desolate, layout_rooms
D:2:      minmay_skewed_foursquare, layout_loops_cross,
          overflow_temple_1_default, minmay_pentomino_r2, uniq_robin,
          uniq_sigmund
D:3:      layout_basic, gammafunk_temple_overflow_elements, minitemple

Skill      XL: |  1  2 |
---------------+-------+-----
Dodging        | 2 |  2.2
Transmutations | 2 |  2.2
Unarmed Combat | 3 |  3.3
Fighting       | |  1.8
Spellcasting   | |  2.0

Action                   || total
-------------------------++-------
Melee: Unarmed           ||    80
       Kick              ||    15
       Headbutt          ||     5
       Punch             ||     1
 Cast: Beastly Appendage ||    16
  Use: Scroll            ||     3
 Stab: Paralysed         ||    13
       Sleeping          ||     1
Armor: Robe              ||     4
Dodge: Dodged            ||    43

Table legend: (Time is in decaauts)
 A = Elapsed time spent in this place.
 B = Non-inter-level travel time spent in this place.
 C = Inter-level travel time spent in this place.
 D = Time resting spent in this place.
 E = Time spent auto-exploring this place.
 F = Levels seen in this place.
 G = Mean time per level.
                   A        B        C        D        E       F      G
               +--------+--------+--------+--------+--------+-----+--------+
         Total |   1374 |   1374 |      0 |      0 |   1179 |   3 |  458.0 |
       Dungeon |   1374 |   1374 |      0 |      0 |   1179 |   3 |  458.0 |
               +--------+--------+--------+--------+--------+-----+--------+

Top non-repeatable levels by time:
     D:1: 689 daAuts
     D:2: 503 daAuts
     D:3: 180 daAuts
